 Dungeon Crawl Stone Soup version 0.30.1-3-gfc49f6343a (webtiles) character file.

Game seed: 11912415710809122382

993 Wiggles the Cleaver (level 7, -1/57 HPs)
             Began as a Minotaur Berserker on Aug 1, 2023.
             Was a Priest of Trog.
             Killed by nerve-wracking pain
             ... invoked by Menkaure
              (11 damage)
             ... on level 5 of the Dungeon.
             The game lasted 00:06:09 (3821 turns).

Wiggles the Cleaver (Minotaur Berserker)            Turns: 3821, Time: 00:06:09

Health: -1/57      AC:  8    Str: 23    XL:     7   Next: 98%
Magic:  6/6        EV: 10    Int:  4    God:    Trog [***...]
Gold:   357        SH:  0    Dex: 10    Spells: 6/6 levels left

rFire   . . .        g - +0 war axe
rCold   . . .        (no shield)
rNeg    . . .        v - +0 scale mail
rPois   .            (helmet restricted)
rElec   .            b - +0 cloak
rCorr   +            j - +0 pair of gloves
SInv    .            (no boots)
Will    .....        (no amulet) Stlth
                     k - ring of flight
HPRegen 0.29/turn    y - ring of resist corrosion
MPRegen 0.10/turn

%: no passive effects
@: on berserk cooldown, flying, slowed, very slow
A: horns 2, retaliatory headbutt
a: Renounce Religion, Berserk, Trog's Hand


You were on level 5 of the Dungeon.
You worshipped Trog.
Trog was most pleased with you.
You visited 1 branch of the dungeon, and saw 5 of its levels.

You collected 357 gold pieces.

Inventory:

Hand Weapons
 g - a +0 war axe (weapon)
Missiles
 w - 4 boomerangs (quivered)
Armour
 b - a +0 cloak (worn)
 j - a +0 pair of gloves (worn)
 v - a +0 scale mail (worn)
Jewellery
 k - a ring of flight (left hand)
 y - a ring of resist corrosion (right hand)
 z - a ring of protection from fire
Wands
 q - a wand of flame (22)
 A - a wand of mindburst (11)
 C - a wand of digging (5)
Scrolls
 c - a scroll of immolation {unknown}
 e - a scroll of amnesia {unknown}
 l - a scroll of torment {unknown}
 m - 5 scrolls of identify {unknown}
 n - a scroll of enchant armour {unknown}
 o - a scroll of noise {unknown}
 t - a scroll of fear {unknown}
 u - a scroll of teleportation {unknown}
 x - a scroll of poison {unknown}
 B - a scroll of fog {unknown}
Potions
 a - a potion of attraction {unknown}
 d - 3 potions of heal wounds {unknown}
 f - a potion of lignification {unknown}
 h - a potion of might {unknown}
 i - 2 potions of degeneration {unknown}
 p - 2 potions of curing {unknown}
 r - 2 potions of flight {unknown}
 s - 3 potions of mutation {unknown}


   Skills:
 - Level 3.6 Fighting
 + Level 11.5 Axes
 - Level 2.4 Armour
 - Level 2.1 Dodging
 + Level 0.1 Evocations


You had 6 spell levels left.
You didn't know any spells.
Your spell library was empty.

Dungeon Overview and Level Annotations

Branches:
Dungeon (5/15)             Temple (0/1) D:5

Altars:
Ashenzari
Fedhas
Kikubaaqudgha
Okawaru
Yredelemnul

Shops:
D:1 (

Annotations:
D:5 1 transporter, Menkaure


Innate Abilities, Weirdness & Mutations

You have a pair of horns on your head.
You reflexively headbutt those who attack you in melee.


Message History

The necrophage hits you but does no damage.
The phantom hits you but does no damage.
The phantom hits you.
The phantom blinks!
You blink.
You feel a strong urge to attack something.
The phantom closely misses you.
Menkaure calls on the powers of darkness!
Your body is wracked with pain!
You slice the necrophage!!
You destroy the necrophage!
Trog accepts your kill.
You slash the phantom! You closely miss the phantom. The phantom hits you. x2
The phantom blinks!
You blink.
You feel a strong urge to attack something.
The phantom closely misses you.
You closely miss the phantom. The phantom barely misses you.
You are no longer berserk.
You are exhausted.
You feel yourself slow down.
The phantom hits you but does no damage.
The phantom barely misses you. You furiously retaliate!
You headbutt the phantom! You barely miss the phantom.
The phantom is heavily damaged.
You slash the phantom!
The phantom hits you but does no damage.
The phantom hits you.
You barely miss the phantom. Your headbutt misses the phantom.
The phantom is heavily damaged.
You hit the phantom. The phantom hits you. The phantom barely misses you.
You furiously retaliate!
You headbutt the phantom!
You destroy the phantom!
Trog accepts your kill.
Menkaure calls on the powers of darkness!
Your body is wracked with pain!
* * * LOW HITPOINT WARNING * * *
The phantom hits you but does no damage.
The phantom attacks as you move away! The phantom closely misses you.
Menkaure points at you and mumbles some strange words.
Pain shoots through your body!
You die...

..##.#......:....#..######.#
#.##.#..##?$.##..#..# #.#
#.##.#..#8..M8#..#..# #.#
...#.#..##..M##..#..# #.#
####.#....M§...M.#..# #.#
#.#..##...##M.#..# #.#
#.#M.#8...8#.W#..# #.#
####.#M.##...##..#..# #.#
##...#..........@#.## #.#
.#...#.?$_[⌠!_$=©#.# #.#
.....#############.# #.#
##.........©.......#######.#
##.#........#####.........#
#.#..##...## #.#########
#.#.....### #.# #..#.##.#
#.# ##...##.# #.#


You could see a phantom, Menkaure and a mummy.

Vanquished Creatures
  A black bear (D:5)
  An ogre (D:5)
  A phantom (D:5)
  2 necrophages (D:5)
  3 scorpions
  A howler monkey (D:4)
  A jelly (D:4)
  2 hounds (D:5)
  An iguana (D:5)
  A sleepcap (D:5)
  Natasha (thrice) (D:2)
  7 adders
  A shadow imp (D:5)
  A white imp (D:5)
  2 worms (D:3)
  8 dart slugs
  7 orcs
  5 ball pythons
  4 bats
  9 endoplasms
  3 giant cockroaches
  6 hobgoblins
  2 jackals (D:4)
  11 kobolds
  4 quokkas
  5 frilled lizards (D:2)
  3 goblins
  7 rats
102 creatures vanquished.

Notes
Turn   | Place    | Note
-------+----------+-------------------------------------------
     0 | D:1      | Wiggles the Minotaur Berserker began the quest for the Orb.
     0 | D:1      | Reached XP level 1. HP: 19/19 MP: 0/0
    23 | D:1      | Found Ratwer's Antique Weapon Emporium.
    70 | D:1      | Reached skill level 4 in Axes
   108 | D:1      | Reached XP level 2. HP: 25/26 MP: 1/1
   287 | D:1      | Reached skill level 5 in Axes
   345 | D:1      | Reached XP level 3. HP: 25/31 MP: 2/2
   481 | D:1      | Reached ** piety under Trog
   926 | D:2      | Noticed Natasha
   930 | D:2      | Killed Natasha
   931 | D:2      | Reached skill level 6 in Axes
   931 | D:2      | Reached XP level 4. HP: 28/39 MP: 3/3
  1304 | D:2      | Noticed Natasha
  1308 | D:2      | Killed Natasha
  1347 | D:2      | Noticed Natasha
  1351 | D:2      | Killed Natasha
  1352 | D:2      | Reached skill level 7 in Axes
  1352 | D:2      | Reached XP level 5. HP: 38/45 MP: 4/4
  1581 | D:3      | Found a broken altar of Ashenzari.
  1765 | D:3      | Reached *** piety under Trog
  1837 | D:3      | Reached skill level 8 in Axes
  2244 | D:4      | Found an iron altar of Okawaru.
  2245 | D:4      | Found a blossoming altar of Fedhas.
  2272 | D:4      | Reached XP level 6. HP: 39/51 MP: 5/5
  2781 | D:4      | Reached skill level 9 in Axes
  2948 | D:5      | Entered Level 5 of the Dungeon
  2960 | D:5      | Reached XP level 7. HP: 34/57 MP: 6/6
  3037 | D:5      | Found a staircase to the Ecumenical Temple.
  3086 | D:5      | Found an ancient bone altar of Kikubaaqudgha.
  3088 | D:5      | Noticed Menkaure
  3090 | D:5      | Found a basalt altar of Yredelemnul.
  3092 | D:5      | Found the ring of the Tortoise {AC+8}
  3093 | D:5      | Found a transporter.
  3112 | D:5      | Found a transporter.
  3241 | D:5      | Reached skill level 10 in Axes
  3809 | D:5      | Reached skill level 11 in Axes
  3821 | D:5      | Killed from afar by Menkaure

Illustrated notes

Levels and vault maps discovered:
D:1:      giann_forest_graveyard, layout_basic, serial_shops, shop
D:2:      layout_basic, uniq_natasha
D:3:      layout_loops_cross, evilmike_ruin_ashenzari
D:4:      layout_rooms, nicolae_overflow_two_pavilions,
          nicolae_figureground_pulse
D:5:      layout_basic, gammafunk_temple_of_torment,
          minmay_temple_entry_drinking_statues

Skill      XL: |  1  2  3  4  5  6  7 |
---------------+----------------------+-----
Axes           | 4 5 6 7 8 9 11 | 11.5
Fighting       | |  3.6
Armour         | |  2.4
Dodging        | |  2.1
Evocations     | |  0.1

Action                     |  1- 3 |  4- 6 |  7- 9 || total
---------------------------+-------+-------+-------++-------
  Melee: Hand axe          |    68 |       |       ||    68
         Headbutt          |    14 |    14 |     7 ||    35
         War axe           |     5 |   129 |    36 ||   170
         Punch             |       |     1 |     1 ||     2
  Throw: Boomerang         |     9 |     3 |    13 ||    25
 Invoke: Berserk           |       |       |     1 ||     1
  Evoke: Wand              |       |       |     2 ||     2
   Stab: Sleeping          |     1 |       |       ||     1
 Armour: Animal skin       |     3 |       |       ||     3
         Ring mail         |    19 |    31 |       ||    50
         Scale mail        |       |    26 |    20 ||    46
  Dodge: Dodged            |    33 |    56 |    22 ||   111
